[Event "Late-Titled-Tuesday-Blitz-September-19-2023"]
[Site "Chess.com"]
[Date "2023.09.19"]
[Round "9"]
[White "jinxy2009"]
[Black "WilsonPalencia21"]
[Result "0-1"]
[WhiteElo "2311"]
[BlackElo "2553"]
[TimeControl "180+1"]
[EndTime "15:43:38 PDT"]
[Termination "WilsonPalencia21 won by resignation"]

1. e4 c5 2. Nf3 d6 3. Nc3 Nf6 4. e5 dxe5 5. Nxe5 a6 6. a4 Qc7 7. d4 e6 8. Bf4 cxd4 9. Qxd4 Nc6 10. Nxc6 Qxc6 11. O-O-O Be7 12. Be2 Bd7 13. Bf3 Qc8 14. Bd6 Bd8 15. Rhe1 Bc6 16. Bxc6+ Qxc6 17. f4 Bb6 18. Qb4 O-O-O 19. a5 Bc7 20. Bxc7 Kxc7 21.
Qe7+ Rd7 22. Rxd7+ Qxd7 23. Qxd7+ Nxd7 24. b4 Rd8 25.
Rd1 Re8 26. Kd2 Nf6 27. Ke3 e5 28. f5 g6 29. fxg6 hxg6 30. Rf1 Ng4+ 31. Ke4 f5+ 32. Kd3 Rd8+ 33. Kc4 Ne3+ 34. Kc5 Nxf1 35. Nd5+ Rxd5+ 36. Kxd5 e4 37. Kd4 Nxh2 38. Ke3 Ng4+ 39. Kf4 Kd6 0-1

[Event "Late-Titled-Tuesday-Blitz-September-19-2023"]
[Site "Chess.com"]
[Date "2023.09.19"]
[Round "9"]
[White "mac0504"]
[Black "scandalgod"]
[Result "0-1"]
[WhiteElo "2553"]
[BlackElo "2471"]
[TimeControl "180+1"]
[EndTime "15:43:41 PDT"]
[Termination "scandalgod won on time"]

1. c4 e5 2. Nc3 Nc6 3. e3 Bc5 4. a3 a6 5. Nf3 d6 6. d4 Ba7 7. Be2 Nf6 8. O-O O-O 9. h3 Re8 10. b3 Bf5 11. Bb2 h6 12. dxe5 Nxe5 13. Nd5 Ne4 14. Nxe5 dxe5 15. Bg4 Bg6 16. Qe2 c6 17. Nb4 Qg5 18. Rad1 Nc5 19. Na2 f5 20. b4 Na4 21.
Bxe5 fxg4 22. Bg3 gxh3 23. gxh3 Bxe3 24. Kh2 Bf4 25. Qf3 Bxg3+ 26. fxg3 Rf8 27. Qg2 Kh7 28. Nc1 Nc3 29. Rd7 Ne4 30. g4 Rxf1 31. Qxf1 Qe5+ 32.
Kg1 Nf6 0-1

[Event "Late-Titled-Tuesday-Blitz-September-19-2023"]
[Site "Chess.com"]
[Date "2023.09.19"]
[Round "9"]
[White "HajiyevKanan"]
[Black "MajorCoast"]
[Result "1-0"]
[WhiteElo "2483"]
[BlackElo "2296"]
[TimeControl "180+1"]
[EndTime "15:43:45 PDT"]
[Termination "HajiyevKanan won by checkmate"]

1. d4 d5 2. Nf3 Nf6 3. c4 e6 4.
cxd5 exd5 5. Nc3 c6 6. Bg5 Be7 7. Qc2 Nbd7 8. e3 Nh5 9. Bxe7 Qxe7 10. Be2 g6 11. O-O Nb6 12. Rab1 a5 13. Ne5 Nf6 14.
Bd3 Be6 15. Na4 Nxa4 16. Qxa4 Nd7 17. Nxd7 Qxd7 18. b4 O-O 19. b5 cxb5 20. Qxb5 Rfb8 21. Qxd7 Bxd7 22. Bb5 Rd8 23. Bxd7 Rxd7 24. a4 Kf8 25. Rb5 Ke7 26. Rfb1 Rc8 27. h4 Rc4 28. Rxa5 Rdc7 29. Kh2 Rc2 30. Kg3 h5 31. Rxd5 Ra2 32. Rdb5 Rcc2 33.
Rxb7+ Kf8 34. Rf1 Rxa4 35. Rb5 Rc3 36. Rb2 Rxd4 37. Kf3 Rxh4 38. g3 Rg4 39. Rfb1 Rg5 40. Ra1 Rf5+ 41. Kg2 Rc4 42. Ra7 Rg4 43. Kh3 Rc4 44.
Rd2 Rc1 45. Re2 Rf1 46. Kg2 Rb1 47. e4 Rf6 48. f4 Rb5 49. e5 Rf5 50. Ra8+ Kg7 51. Ra7 Rb6 52. e6 Rfb5 53. e7 Rb8 54.
e8=Q Rxe8 55. Rxe8 Rb2+ 56. Kh3 g5 57. fxg5 h4 58.
gxh4 Kg6 59. Rg8+ Kh7 60. Rf8 Kg6 61. Rfxf7 Rb3+ 62. Kg2 Rb2+ 63. Kg3 Rb3+ 64. Rf3 Rb4 65. Rf6+ Kh5 66. Rh7# 1-0

[Event "Late-Titled-Tuesday-Blitz-September-19-2023"]
[Site "Chess.com"]
[Date "2023.09.19"]
[Round "9"]
[White "MikaelyanArman"]
[Black "ChessWarrior7197"]
[Result "0-1"]
[WhiteElo "2872"]
[BlackElo "3058"]
[TimeControl "180+1"]
[EndTime "15:43:50 PDT"]
[Termination "ChessWarrior7197 won by resignation"]

1. d4 d5 2. c4 e6 3. Nf3 c5 4. cxd5 exd5 5. Nc3 Nf6 6. g3 Nc6 7. Bg2 Be7 8. O-O O-O 9. dxc5 Bxc5 10. Bg5 d4 11.
Ne4 Be7 12. Bxf6 Bxf6 13. b4 a6 14. a4 d3 15. Nxf6+ Qxf6 16. Qxd3 Nxb4 17. Qd4 Qe7 18. Qe5 Qxe5 19. Nxe5 Re8 20. Nc4 Rxe2 21. Nb6 Rb8 22. Rab1 a5 23. Nxc8 Rxc8 24. Bxb7 Rb8 25. Rfe1 Ra2 26.
Bc6 Kf8 27. Bb5 g6 28. Rbd1 Rb7 29. Re3 Kg7 30. Kg2 Rc7 31. Rd7 Rxd7 32. Bxd7 Nd5 33. Re5 Nf6 34. Bc6 Rxf2+ 35. Kg1 Rxh2 36. Rxa5 Rc2 37.
Bb7 Ra2 38. Bc6 Nh5 39. g4 Nf4 40. Re5 Kf6 41. Rc5 Ne6 42. Rd5 h6 43. a5 Nf4 44.
Rc5 Nd3 45. Rb5 Ne5 46. Bb7 Nxg4 47. a6 h5 48. Rb6+ Kg5 49. Bd5 Ra1+ 50. Kg2 Ne3+ 51. Kf3 Nxd5 52. Rb5 Rxa6 53. Rxd5+ f5 0-1

[Event "Late-Titled-Tuesday-Blitz-September-19-2023"]
[Site "Chess.com"]
[Date "2023.09.19"]
[Round "9"]
[White "tgpgoat"]
[Black "KaydenTroffChess"]
[Result "0-1"]
[WhiteElo "2514"]
[BlackElo "2766"]
[TimeControl "180+1"]
[EndTime "15:43:55 PDT"]
[Termination "KaydenTroffChess won by resignation"]

1. d4 Nf6 2. Nf3 g6 3. Bg5 Bg7 4. Nbd2 d5 5. e3 O-O 6. Be2 Nbd7 7. h3 Re8 8. Bf4 c5 9. c3 Ne4 10. Nxe4 dxe4 11. Nd2 cxd4 12. cxd4 e5 13. dxe5 Nxe5 14.
Nxe4 Bf5 15. Qxd8 Rexd8 16. Nc3 Nd3+ 17. Bxd3 Bxd3 18. Rd1 Rac8 19. f3 b5 20. a3 a5 21.
Rd2 Rxc3 22. bxc3 Bxc3 23. e4 b4 24. axb4 axb4 25. Kf2 Bxd2 26. Bxd2 b3 27. Bc3 Rc8 28. Rc1 Rxc3 29. Rxc3 b2 30. Rxd3 b1=Q 31. Re3 Qb6 32. f4 Qd4 33. Kf3 Kg7 34. Re2 Qd3+ 35. Re3 Qf1+ 36. Kg3 h5 37. Rf3 Qe1+ 38. Kh2 Qxe4 39. f5 g5 40. Kg3 Qe5+ 41. Kf2 g4 42. hxg4 hxg4 43. Rg3 Qxf5+ 0-1

[Event "Late-Titled-Tuesday-Blitz-September-19-2023"]
[Site "Chess.com"]
[Date "2023.09.19"]
[Round "9"]
[White "ritanovikova"]
[Black "IMRosen"]
[Result "0-1"]
[WhiteElo "2155"]
[BlackElo "2547"]
[TimeControl "180+1"]
[EndTime "15:43:57 PDT"]
[Termination "IMRosen won on time"]

1. d4 Nf6 2. Bf4 c5 3. e3 d5 4.
c3 Nc6 5. Nf3 Qb6 6. Qb3 c4 7.
Qxb6 axb6 8. Nbd2 b5 9. e4 dxe4 10. Ng5 Bf5 11. b3 h6 12. Nh3 cxb3 13. Nxb3 b4 14.
cxb4 Nxb4 15. Bb5+ Bd7 16. Bxd7+ Nxd7 17. O-O g5 18.
Bd2 Nd5 19. Rfe1 f5 20. f3 exf3 21. gxf3 Bg7 22. Kg2 Kf7 23. Nf2 Rhc8 24. Nd3 Rc2 25. Re2 Raxa2 26. Rxa2 Rxa2 27. Ne5+ Nxe5 28. dxe5 Nf4+ 29.
Bxf4 Rxe2+ 30. Kf1 Rb2 31. e6+ Kg6 0-1

[Event "Late-Titled-Tuesday-Blitz-September-19-2023"]
[Site "Chess.com"]
[Date "2023.09.19"]
[Round "9"]
[White "IMSlavin"]
[Black "Chessbard1972"]
[Result "0-1"]
[WhiteElo "2291"]
[BlackElo "2373"]
[TimeControl "180+1"]
[EndTime "15:44:00 PDT"]
[Termination "Chessbard1972 won by checkmate"]

1. e4 e5 2. Nf3 Nc6 3. c3 Bc5 4. d4 exd4 5. cxd4 Bb4+ 6. Nc3 d6 7. h3 Nge7 8. a3 Ba5 9. Be3 O-O 10. Bd3 Ng6 11.
O-O f5 12. b4 Bb6 13. Nd5 fxe4 14. Bxe4 Bf5 15. Bxf5 Rxf5 16. Nxb6 axb6 17. Re1 d5 18. Qd3 Qf6 19. Rac1 Rxf3 20. gxf3 Qxf3 21. Qf1 Nh4 22.
b5 Nd8 23. Rxc7 Ne6 24. Re7 Qf6 25. Rxb7 Nf3+ 26. Kg2 Nxe1+ 27. Qxe1 Re8 28. Qb4 Nf4+ 29. Kh2 Qf5 30. Kg3 Qxh3+ 31. Kxf4 Re4+ 32. Kg5 h6+ 33. Kg6 Qg4+ 34. Bg5 Qxg5# 0-1

[Event "Late-Titled-Tuesday-Blitz-September-19-2023"]
[Site "Chess.com"]
[Date "2023.09.19"]
[Round "9"]
[White "Sina_Movahed"]
[Black "Dhaydon19"]
[Result "1-0"]
[WhiteElo "2989"]
[BlackElo "2695"]
[TimeControl "180+1"]
[EndTime "15:44:01 PDT"]
[Termination "Sina_Movahed won by resignation"]

1. e4 c6 2. d4 d5 3. e5 c5 4. c3 cxd4 5. cxd4 Nc6 6. Nc3 e6 7. Nf3 Nge7 8. Bd3 h6 9. h4 Nf5 10. Bxf5 exf5 11. h5 Be6 12. Ne2 Be7 13. Nf4 Qd7 14.
O-O O-O 15. Bd2 Rfc8 16. Rc1 Rc7 17. a3 Rac8 18. Qe2 Bg5 19. b4 a6 20. Qd3 Be7 21.
Nh2 Bg5 22. Nf3 Be7 23. Rb1 Na7 24. Nh2 Qa4 25. Qg3 Qd7 26. Nd3 Kh7 27. Nc5 Qe8 28.
Rfe1 Nb5 29. Qd3 b6 30. Nxe6 fxe6 31. a4 Nc3 32. Bxc3 Rxc3 33. Qxa6 Ra8 34. Qxb6 Rxa4 35.
Qxe6 Qf8 36. b5 Ra2 37. b6 Bd8 38. b7 Bc7 39. Nf3 Rcc2 40. Rec1 Bb8 41. Rxc2 Rxc2 42. Qxd5 Qe8 43. e6 Qxh5 44. Re1 Qe8 45. Qxf5+ Kg8 46.
Qxc2 1-0

[Event "Late-Titled-Tuesday-Blitz-September-19-2023"]
[Site "Chess.com"]
[Date "2023.09.19"]
[Round "9"]
[White "GMBenjaminBok"]
[Black "Byniolus"]
[Result "1-0"]
[WhiteElo "2958"]
[BlackElo "2785"]
[TimeControl "180+1"]
[EndTime "15:44:01 PDT"]
[Termination "GMBenjaminBok won by resignation"]

1. d4 d6 2. Nf3 Bg4 3. c4 c6 4. Nc3 Nd7 5. g3 Bxf3 6. exf3 e6 7. d5 exd5 8. cxd5 c5 9. Bh3 Be7 10. O-O Ngf6 11. Re1 O-O 12. f4 Re8 13. Qf3 Bf8 14. Rxe8 Nxe8 15. Bd2 Nc7 16. Qd3 a6 17. a4 Nf6 18. g4 b5 19. g5 Nfe8 20. b3 g6 21. Re1 b4 22. Ne4 f5 23. gxf6 Nxf6 24. f5 Nfxd5 25.
fxg6 hxg6 26. Be6+ Kh8 27. Qh3+ 1-0

[Event "Late-Titled-Tuesday-Blitz-September-19-2023"]
[Site "Chess.com"]
[Date "2023.09.19"]
[Round "9"]
[White "TigrVShlyape"]
[Black "chessdjw"]
[Result "1/2-1/2"]
[WhiteElo "2957"]
[BlackElo "2694"]
[TimeControl "180+1"]
[EndTime "15:44:07 PDT"]
[Termination "Game drawn by repetition"]

1. d4 Nf6 2. Bf4 b6 3. e3 Bb7 4.
Nf3 d6 5. h3 g6 6. a4 a6 7. Nbd2 Bg7 8. Bc4 O-O 9. O-O c5 10. c3 Nbd7 11. Re1 Ra7 12. Bd3 Re8 13.
e4 cxd4 14. cxd4 e5 15. dxe5 dxe5 16. Bg5 Nc5 17. Bc2 h6 18. Be3 Ra8 19. a5 Nd3 20.
Bxb6 Qd7 21. Bxd3 Qxd3 22. Ra3 Qb5 23. Rb3 Qa4 24. Qb1 Rac8 25. Rc3 Rxc3 26. bxc3 Nd7 27. Be3 Bc6 28. Qb4 Qxb4 29. cxb4 Bf8 30. Rc1 Bb5 31. Rb1 Rc8 32. g4 Kg7 33. Kg2 Bd3 34. Rb3 Bc2 35. Rb2 Bd3 36. Rb3 Bc2 37. Rb2 Bd3 38. Rb3 1/2-1/2

[Event "Late-Titled-Tuesday-Blitz-September-19-2023"]
[Site "Chess.com"]
[Date "2023.09.19"]
[Round "9"]
[White "Inepton_Fermion"]
[Black "Miguelitro69"]
[Result "0-1"]
[WhiteElo "2353"]
[BlackElo "2301"]
[TimeControl "180+1"]
[EndTime "15:44:08 PDT"]
[Termination "Miguelitro69 won by checkmate"]

1. Nf3 c5 2. b3 Nc6 3. Bb2 Nf6 4. c4 g6 5. g3 Bg7 6. Bg2 O-O 7. O-O d6 8. d4 Bg4 9. Nbd2 cxd4 10. Nxd4 Qd7 11.
Re1 d5 12. Nxc6 bxc6 13. cxd5 cxd5 14. Nf3 Bh3 15. Ne5 Qe6 16. Nd3 Bxg2 17. Kxg2 Rac8 18.
Rc1 Qe4+ 19. Kg1 Rxc1 20. Qxc1 d4 21. Qc4 e5 22. h3 h5 23. Nc5 Qf5 24. Kg2 h4 25. Qd3 Qc8 26. Rc1 hxg3 27. fxg3 Qa8+ 28. Kh2 Nd5 29. Ne4 Ne3 30. Rc7 f5 31. Ng5 Qg2# 0-1

[Event "Late-Titled-Tuesday-Blitz-September-19-2023"]
[Site "Chess.com"]
[Date "2023.09.19"]
[Round "9"]
[White "Botvinnak"]
[Black "Dacean99"]
[Result "0-1"]
[WhiteElo "2334"]
[BlackElo "2493"]
[TimeControl "180+1"]
[EndTime "15:44:10 PDT"]
[Termination "Dacean99 won by resignation"]

1. b3 d5 2. Bb2 Nf6 3. Nf3 Bf5 4. e3 e6 5. d4 Nbd7 6. Bd3 Bd6 7. O-O O-O 8. Nbd2 Ne4 9. c4 c6 10. Qe2 Qf6 11.
Rac1 Qh6 12. Ne5 Bxe5 13. dxe5 Ndc5 14. Bb1 Nxd2 15. Qxd2 Bxb1 16. Rxb1 Ne4 17. Qb4 dxc4 18. Rbd1 Rad8 19. Bd4 b6 20. Qxc4 c5 21. Bc3 Nxc3 22.
Qxc3 Qh5 23. Rd6 Rxd6 24. exd6 Qd5 25. Qc2 Qxd6 26. Rd1 Qe7 27. Qd3 h6 28. h3 Re8 29.
Qa6 e5 30. Qb5 Rd8 31. Rd3 Kh7 32. a4 f5 33. Qc4 e4 34. Rd5 Kg6 35. g3 h5 36. Kg2 Qf6 37. h4 Kh7 38. a5 Rd6 39.
axb6 axb6 40. Kh2 Kg6 41. Kg2 Qe6 42. Rxd6 Qxd6 43. Qg8 b5 44. Qe8+ Kf6 45. Qxb5 g6 46.
Qe8 Qe7 47. Qh8+ Ke6 48. Qg8+ Qf7 49. Qd8 Qb7 50. Qg8+ Kf6 51. Qf8+ Ke6 52. Qxc5 Qxb3 53. Qc7 Qd1 54. Qg7 Qf3+ 55. Kg1 Qg4 56. Kh2 Kd5 57. Qf6 Kc4 58. Qd4+ Kb3 59. Qd8 Kc2 60.
Kg1 Qd1+ 61. Kh2 Qxd8 0-1

[Event "Late-Titled-Tuesday-Blitz-September-19-2023"]
[Site "Chess.com"]
[Date "2023.09.19"]
[Round "9"]
[White "MFatigue"]
[Black "Lady_Nika"]
[Result "0-1"]
[WhiteElo "2545"]
[BlackElo "2470"]
[TimeControl "180+1"]
[EndTime "15:44:17 PDT"]
[Termination "Lady_Nika won by checkmate"]

1. e4 c6 2. Bc4 d5 3. Bb3 e6 4. d4 dxe4 5. Nc3 Nf6 6. Nge2 Be7 7. Ng3 O-O 8. O-O Nbd7 9. Ncxe4 Nxe4 10. Nxe4 Nf6 11.
Nxf6+ Bxf6 12. c3 b6 13. Qf3 Bb7 14. Bf4 Qd7 15. Qg3 c5 16. dxc5 bxc5 17. Rad1 Qc6 18. Bc4 Rad8 19. Bd6 Rfe8 20. f3 e5 21. Bd5 Qb6 22.
Bxb7 Rxd6 23. Rxd6 Qxd6 24. Be4 c4 25. Qf2 Qa6 26. b4 Rd8 27. Qc2 g6 28. a4 Bg7 29.
Rd1 Qb6+ 30. Kf1 Kf8 31. Rxd8+ Qxd8 32. Qe2 f5 33. Bc6 Qd6 34. Bb5 e4 35. fxe4 Bxc3 36. exf5 Qf4+ 37. Qf2 Qc1+ 38. Ke2 Qd2+ 39. Kf3 Qd5+ 40.
Ke2 Qd3# 0-1

[Event "Late-Titled-Tuesday-Blitz-September-19-2023"]
[Site "Chess.com"]
[Date "2023.09.19"]
[Round "9"]
[White "maurovargas01"]
[Black "Bala-Afiada"]
[Result "1-0"]
[WhiteElo "1891"]
[BlackElo "1957"]
[TimeControl "180+1"]
[EndTime "15:44:18 PDT"]
[Termination "maurovargas01 won by resignation"]

1. e4 c5 2. Nc3 Nc6 3. f4 d6 4. Nf3 e6 5. Bb5 Ne7 6. d3 g6 7. a4 Bg7 8. O-O a6 9. Bc4 O-O 10. Ne2 Nd4 11. c3 Nxe2+ 12. Qxe2 Qb6 13. Kh1 d5 14.
Ba2 Kh8 15. Be3 Qc7 16. Qf2 b6 17. a5 bxa5 18. Bxc5 Bb7 19. e5 Rfc8 20. Bb6 Qc6 21.
Bxa5 Nf5 22. Bb4 a5 23. Ba3 Ba6 24. Rad1 Rab8 25. Ng5 Kg8 26. g4 h6 27. Nf3 d4 28.
gxf5 exf5 29. Kg1 dxc3 30. Rc1 Bxd3 31. Rxc3 Qe4 32. Qd2 Rxc3 33. bxc3 Rd8 34. Nd4 Qe3+ 35. Rf2 Qe1+ 36. Qxe1 1-0

[Event "Late-Titled-Tuesday-Blitz-September-19-2023"]
[Site "Chess.com"]
[Date "2023.09.19"]
[Round "9"]
[White "PNEPaul"]
[Black "Ready4abattle"]
[Result "0-1"]
[WhiteElo "1946"]
[BlackElo "2315"]
[TimeControl "180+1"]
[EndTime "15:44:19 PDT"]
[Termination "Ready4abattle won on time"]

1. e4 c5 2. Nf3 Nc6 3. d4 cxd4 4. c3 dxc3 5. Nxc3 d6 6. Bc4 a6 7. O-O Nf6 8. h3 e6 9. a3 Be7 10. Qe2 Qc7 11. Rd1 O-O 12. Bg5 b5 13. Ba2 Bb7 14.
Rac1 Qb8 15. Bb1 Ne5 16. Nd4 Rc8 17. f4 Nc4 18. Nf3 Qa7+ 19. Kh2 h6 20. Bh4 Qe3 21. Qc2 Kf8 22. Bf2 Qxf4+ 23. Bg3 Qe3 24. Bf2 Bxe4 25. Bxe3 Bxc2 26. Bxc2 Nxe3 27. Re1 Nxc2 28. Rxc2 Ra7 29. Rd2 Rac7 30. Red1 d5 31. Nd4 Bd6+ 32. Kh1 Bf4 33. Rf2 Be5 34. Re2 Bd6 35. Nf3 Bxa3 36. Nxd5 Nxd5 37. bxa3 Rc1 0-1

[Event "Late-Titled-Tuesday-Blitz-September-19-2023"]
[Site "Chess.com"]
[Date "2023.09.19"]
[Round "9"]
[White "Beca95"]
[Black "cassoulet"]
[Result "1-0"]
[WhiteElo "2857"]
[BlackElo "2768"]
[TimeControl "180+1"]
[EndTime "15:44:21 PDT"]
[Termination "Beca95 won by checkmate"]

1. d4 Nf6 2. Bg5 g6 3. Bxf6 exf6 4. e3 Bg7 5. g3 f5 6. c4 d5 7. b3 dxc4 8. bxc4 c5 9. Ne2 Nc6 10. Bg2 cxd4 11. Bxc6+ bxc6 12. exd4 O-O 13. Nbc3 f4 14. gxf4 Bg4 15. Qd3 c5 16. d5 Re8 17. f3 Qh4+ 18. Kd2 Bf5 19. Ne4 Bxa1 20. Rxa1 Rab8 21.
Rb1 Qe7 22. N2g3 Bd7 23. d6 Qh4 24. Rxb8 Qxf4+ 25. Qe3 Qxe3+ 26. Kxe3 Rxb8 27. Nf6+ Kg7 28. Nxd7 Rd8 29. Nxc5 Rxd6 30. Nge4 Rc6 31. Kd4 f5 32.
Nc3 g5 33. Nd3 Rh6 34. c5 Kf7 35. c6 Ke7 36. Ne5 Rh4+ 37. Kc5 Kd8 38. Nf7+ Kc8 39. Nd5 Rxh2 40. Nd6+ Kd8 41. c7+ Kd7 42. c8=Q# 1-0

[Event "Late-Titled-Tuesday-Blitz-September-19-2023"]
[Site "Chess.com"]
[Date "2023.09.19"]
[Round "9"]
[White "Emp3rador"]
[Black "Bilan_Danila"]
[Result "1-0"]
[WhiteElo "2518"]
[BlackElo "2564"]
[TimeControl "180+1"]
[EndTime "15:44:21 PDT"]
[Termination "Emp3rador won on time"]

1. e4 c6 2. d4 d5 3. exd5 cxd5 4. Bd3 Nc6 5. c3 Qc7 6. h3 g6 7. Qc2 e5 8. dxe5 Nxe5 9. Be3 Nxd3+ 10. Qxd3 Nf6 11.
Nf3 Bg7 12. O-O O-O 13. Nbd2 Bf5 14. Qb5 a6 15. Qb6 Qxb6 16. Bxb6 Rfe8 17. Rac1 Nd7 18. Bd4 Bh6 19. Rfe1 b5 20. Rxe8+ Rxe8 21. Rd1 Re2 22. g4 Bc2 23. Re1 Rxe1+ 24. Nxe1 Bxd2 25. Nxc2 Bc1 26. b3 f6 27. Nb4 Kf7 28. Nxd5 a5 29. Kf1 Bb2 30. Ke2 a4 31. Kd3 axb3 32. axb3 Nb8 33. Nc7 Nc6 34. Nxb5 h5 35. f3 hxg4 36. hxg4 f5 37.
Nd6+ Ke6 38. Nc4 Bc1 39. b4 fxg4 40. fxg4 Bf4 41. b5 Ne7 42. b6 Nd5 43. Ke4 1-0

[Event "Late-Titled-Tuesday-Blitz-September-19-2023"]
[Site "Chess.com"]
[Date "2023.09.19"]
[Round "9"]
[White "Msb2"]
[Black "Oleksandr_Bortnyk"]
[Result "1-0"]
[WhiteElo "3102"]
[BlackElo "3011"]
[TimeControl "180+1"]
[EndTime "15:44:23 PDT"]
[Termination "Msb2 won by checkmate"]

1. d4 d6 2. Nf3 Nf6 3. c4 g6 4. Nc3 Bg7 5. e4 O-O 6. Be2 Nbd7 7. O-O e5 8. Be3 Qe7 9. Qc2 c6 10. Rad1 exd4 11. Nxd4 Re8 12. f3 d5 13. cxd5 cxd5 14. Ndb5 dxe4 15. f4 Nb6 16. Nxa7 Rxa7 17. Bxb6 Ra8 18.
Nb5 Bg4 19. Bxg4 Nxg4 20. Nc7 Rec8 21. Qe2 Rxa2 22. Qxg4 f5 23. Qg3 Rxb2 24. Nd5 Qe6 25. Bd4 Bxd4+ 26. Rxd4 Rcc2 27. Ne3 Rd2 28. Rxd2 Rxd2 29.
h3 Qb6 30. Kh2 Rd3 31. Re1 Qc5 32. Qf2 Kf8 33. Qb2 Rxe3 34. Rc1 Qd6 35. Rc8+ Kf7 36. Qxb7+ Kf6 37. Rc6 Rd3 38. Rxd6+ Rxd6 39. Qxh7 Re6 40. Qg8 Re7 41. Qf8+ Ke6 42. Qd8 e3 43. Kg1 Kf7 44. Kf1 e2+ 45. Ke1 Re4 46. Qd7+ Kf6 47. Qd6+ Re6 48.
Qf8# 1-0

[Event "Late-Titled-Tuesday-Blitz-September-19-2023"]
[Site "Chess.com"]
[Date "2023.09.19"]
[Round "9"]
[White "Rodalquilar"]
[Black "SantoBlue"]
[Result "0-1"]
[WhiteElo "2745"]
[BlackElo "2951"]
[TimeControl "180+1"]
[EndTime "15:44:23 PDT"]
[Termination "SantoBlue won by checkmate"]

1. d4 Nf6 2. Nf3 e6 3. Bf4 b6 4.
e3 Bb7 5. Nbd2 g6 6. h3 Bg7 7.
Be2 O-O 8. O-O d6 9. Bh2 Nbd7 10. a4 a6 11. c3 Kh8 12. Bd3 Nh5 13. e4 f5 14. exf5 gxf5 15. Re1 Qf6 16. Bc4 Rae8 17. Qe2 Qg6 18. Bxa6 Ba8 19. Bb5 Rf7 20. Nh4 Qg5 21.
Ndf3 Qf6 22. a5 bxa5 23. Rxa5 Be4 24. Bd3 d5 25. Bxc7 Rg8 26. Ra7 Qh6 27. Rea1 Bf6 28. Bxe4 dxe4 29. Ne5 Nxe5 30. Bxe5 Rxa7 31. Rxa7 Bxe5 32.
dxe5 Nf4 33. Qc4 Qxh4 34. Kf1 Qh5 35. Ke1 Nxg2+ 36. Kd2 Rd8+ 37. Kc1 Qd1# 0-1

[Event "Late-Titled-Tuesday-Blitz-September-19-2023"]
[Site "Chess.com"]
[Date "2023.09.19"]
[Round "9"]
[White "ilm2034"]
[Black "ukchessbomber"]
[Result "0-1"]
[WhiteElo "2575"]
[BlackElo "2709"]
[TimeControl "180+1"]
[EndTime "15:44:25 PDT"]
[Termination "ukchessbomber won by checkmate"]

1. e4 a6 2. Nf3 b5 3. a4 b4 4. c3 e6 5. d4 Bb7 6. Bd3 Nf6 7. e5 Nd5 8. c4 Ne7 9. O-O Ng6 10. g3 Be7 11. Qe2 O-O 12. Nbd2 c5 13. h4 Re8 14. dxc5 Bxc5 15. Ne4 Bxe4 16. Qxe4 Nc6 17.
h5 Nf8 18. Bg5 Be7 19. Qf4 Bxg5 20. Nxg5 Nxe5 21. Qxe5 f6 22. Qe4 fxg5 23. Rad1 Qf6 24. c5 Qxb2 25. Rfe1 b3 26. Bc4 Rac8 27. h6 gxh6 28.
Rb1 Qc3 29. Rec1 Qf6 30. Bxb3 Ng6 31. c6 d5 32. Qe2 Ne5 33. Qxa6 Rf8 34. Qe2 Nxc6 35.
a5 Nd4 36. Qd3 Qxf2+ 37. Kh1 Rxc1+ 38. Rxc1 Nf3 39. Qc2 Qxg3 40. a6 Qh3+ 41. Qh2 Qxh2# 0-1

[Event "Late-Titled-Tuesday-Blitz-September-19-2023"]
[Site "Chess.com"]
[Date "2023.09.19"]
[Round "9"]
[White "Haykoooo0o"]
[Black "lefonghua"]
[Result "0-1"]
[WhiteElo "2463"]
[BlackElo "2650"]
[TimeControl "180+1"]
[EndTime "15:44:27 PDT"]
[Termination "lefonghua won on time"]

1. d4 Nf6 2. Nf3 g6 3. Bf4 Bg7 4. h3 O-O 5. e3 b6 6. Be2 c5 7. O-O d6 8. c3 Bb7 9. Bh2 Nbd7 10. Nbd2 a6 11. Rc1 b5 12. Qb3 Qb6 13. a4 Bd5 14.
Qc2 Rab8 15. axb5 axb5 16. Ra1 Qb7 17. Ra5 b4 18. Rfa1 bxc3 19. bxc3 Qb2 20. Qxb2 Rxb2 21. Bf1 cxd4 22. cxd4 Rc8 23. Bd3 h6 24. Bg3 Rc3 25. Rb5 Rxd2 26. Nxd2 Rxd3 27. Nf3 Rb3 28. Rba5 g5 29.
Ra7 Rb7 30. Nd2 Bf8 31. f3 Rb2 32. Nf1 Nb6 33. e4 Be6 34. Rb7 Nc4 35. Rxb2 Nxb2 36. d5 Bd7 37. Ra7 Nc4 38. Bf2 Ne5 39. Bd4 e6 40.
Ne3 exd5 41. Nxd5 Nxd5 42. exd5 Bb5 43. Rb7 Bc4 44. Rb8 Bxd5 45. Rd8 Be6 46. Ra8 Kg7 47. g3 Kg8 48. Kf2 Nxf3 0-1

[Event "Late-Titled-Tuesday-Blitz-September-19-2023"]
[Site "Chess.com"]
[Date "2023.09.19"]
[Round "9"]
[White "FrancescoSorcinelli"]
[Black "AlexNovitz"]
[Result "1-0"]
[WhiteElo "2148"]
[BlackElo "2227"]
[TimeControl "180+1"]
[EndTime "15:44:28 PDT"]
[Termination "FrancescoSorcinelli won on time"]

1. Nf3 c5 2. e4 Nc6 3. Bb5 d6 4. O-O e5 5. c3 Ne7 6. d4 Bd7 7. d5 Nb8 8. Bxd7+ Nxd7 9. c4 g6 10.
Nc3 Bg7 11. Bg5 a6 12. Rb1 O-O 13. a3 h6 14. Bxe7 Qxe7 15. b4 f5 16. Nd2 Rac8 17. Qe2 f4 18. f3 g5 19. Nb3 h5 20. b5 Bh6 21. bxa6 bxa6 22. Na5 Qg7 23. Nc6 Nf6 24. Rb6 g4 25. Rfb1 Rc7 26. Rb8 Rxb8 27.
Rxb8+ Kh7 28. Nd1 h4 29. Nf2 h3 30. fxg4 hxg2 31. Nd8 Re7 32. Ne6 Rxe6 33. dxe6 Qg5 34. Qf3 Qh4 35. Rb7+ Kg6 36. Nh3 1-0

[Event "Late-Titled-Tuesday-Blitz-September-19-2023"]
[Site "Chess.com"]
[Date "2023.09.19"]
[Round "9"]
[White "Jarming"]
[Black "Mikhail_Golubev"]
[Result "1-0"]
[WhiteElo "2733"]
[BlackElo "2583"]
[TimeControl "180+1"]
[EndTime "15:44:29 PDT"]
[Termination "Jarming won on time"]

1. c4 g6 2. g3 Bg7 3. Bg2 e5 4. Nc3 Nc6 5. Nf3 d6 6. d3 f5 7. Rb1 h6 8. Nd2 Nf6 9. b4 a6 10. a4 O-O 11. b5 axb5 12. axb5 Ne7 13. Bb2 g5 14. e3 f4 15. exf4 gxf4 16. O-O Nf5 17.
Re1 Nd4 18. Nd5 fxg3 19. hxg3 Ng4 20. Bxd4 exd4 21. Re2 Qg5 22. Nf3 Qh5 23. Nf4 Rxf4 24. gxf4 Bf5 25. Ra1 Rf8 26. Ra7 Bg6 27. Qd2 Qf5 28.
Re4 Qf6 29. Rxd4 Qe7 30. Rd5 h5 31. Rxb7 Bh6 32. Qe1 Qf6 33. Rxc7 Bxf4 34. b6 Bf7 35. b7 Bxd5 36. cxd5 Qb2 37. Qe6+ Kh8 38. Rc8 Qxf2+ 39. Kh1 1-0

[Event "Late-Titled-Tuesday-Blitz-September-19-2023"]
[Site "Chess.com"]
[Date "2023.09.19"]
[Round "9"]
[White "Bauman_Guy"]
[Black "Lennis93"]
[Result "1-0"]
[WhiteElo "2910"]
[BlackElo "2737"]
[TimeControl "180+1"]
[EndTime "15:44:31 PDT"]
[Termination "Bauman_Guy won on time"]

1. e4 c5 2. Nf3 Nc6 3. d4 cxd4 4. Nxd4 Qb6 5. Nb3 Nf6 6. Nc3 e6 7. Qe2 d6 8. g3 Be7 9. Bg2 O-O 10. O-O a6 11. Be3 Qc7 12. a4 b6 13. Nd2 Rb8 14. h3 Nb4 15. Rfc1 e5 16. a5 b5 17. Bb6 Qb7 18. Nd5 Nbxd5 19. exd5 Bf5 20. c4 bxc4 21. Rxc4 Rfc8 22. Rac1 h5 23. Rc7 Qa8 24. Ne4 Nxd5 25. Qxh5 Be6 26. Ng5 Bxg5 27. Qxg5 Nxc7 28. Bxa8 Nxa8 29.
Rxc8+ Rxc8 30. g4 Bc4 31. Bd8 Kf8 32. Qe7+ Kg8 33. Qxd6 Bb5 34. Bg5 Nc7 35. Qc5 Bd7 36. Qxe5 1-0

[Event "Late-Titled-Tuesday-Blitz-September-19-2023"]
[Site "Chess.com"]
[Date "2023.09.19"]
[Round "9"]
[White "Aariow"]
[Black "bazar-wokzal"]
[Result "0-1"]
[WhiteElo "2544"]
[BlackElo "2649"]
[TimeControl "180+1"]
[EndTime "15:44:33 PDT"]
[Termination "bazar-wokzal won on time"]

1. d4 Nf6 2. c4 Nc6 3. Nc3 e5 4.
d5 Ne7 5. e4 Ng6 6. Be3 Bb4 7.
Bd3 Qe7 8. h3 Bc5 9. Nge2 Bxe3 10. fxe3 d6 11. O-O O-O 12. Ng3 Nh4 13. Nh5 Nxh5 14. Qxh5 Ng6 15. Ne2 Qh4 16. Qf3 Ne7 17. Ng3 g6 18. Ne2 f5 19. Qg3 Qh6 20. Kh2 Bd7 21. c5 fxe4 22. Bxe4 Bf5 23. Bf3 Qxe3 24. cxd6 cxd6 25. Nc3 Rac8 26. Rfe1 Qb6 27. Qg5 Rf7 28.
Be4 Qxb2 29. Rab1 Qxc3 30. Rbc1 Qd4 31. Bxf5 Rxc1 32. Rxc1 Nxf5 33. Rc8+ Kg7 34. Qd8 Qf4+ 35.
Kg1 Ng3 36. Qh8+ Kh6 37. Rc1 Qxc1+ 38. Kh2 Nf1+ 39. Kg1 Qe3+ 40. Kh1 Ng3+ 41. Kh2 Rf1 42. Qf8+ Rxf8 0-1